 Dungeon Crawl Stone Soup version 0.17.1-1-g73c8601 (webtiles) character file.

3197 zornare the Ruffian (level 9, -7/84 HPs)
             Began as a Troll Transmuter on Dec 30, 2015.
             Was a Believer of Makhleb.
             Mangled by a troll (16 damage)
             ... on level 8 of the Dungeon.
             The game lasted 00:27:33 (6172 turns).

zornare the Ruffian (Troll Transmuter)              Turns: 6172, Time: 00:27:33

Health: -7/84      AC:  6    Str: 20    XL:     9   Next: 64%
Magic:  12/12      EV: 11    Int: 12    God:    Makhleb [**....]
Gold:   443        SH:  0    Dex: 10    Spells: 3 memorised, 4 levels left

rFire  . . .     SeeInvis .       - Unarmed
rCold  . . .     Clarity  .     b - +1 robe
rNeg   . . .     SustAt   .     (no shield)
rPois  .         Gourm    +     (helmet restricted)
rElec  .         Spirit   .     (no cloak)
rCorr  .         Warding  .     (gloves unavailable)
rMut   .         Stasis   .     (boots unavailable)
MR     +....                    (no amulet)
Stlth  +.........               (no ring)
                                l - ring of protection from magic

@: appendage, somewhat resistant to hostile enchantments, very unstealthy
A: unfitting armour, claws 3, horns 2, fast metabolism 3, gourmand, regeneration
2, shaggy fur 1, tough skin 2
a: End Transformation, Minor Destruction, Renounce Religion


You were on level 8 of the Dungeon.
You worshipped Makhleb.
Makhleb was pleased with you.
You were very full.
You had grown temporary horns.
You visited 2 branches of the dungeon, and saw 9 of its levels.

You collected 443 gold pieces.

Inventory:

Missiles
 a - 79 arrows
 i - 19 poisoned arrows
Armour
 b - a +1 robe (worn)
Jewellery
 l - a ring of protection from magic (left claw)
Wands
 u - a wand of invisibility (2)
Scrolls
 e - 2 scrolls of teleportation
 f - 2 scrolls of enchant armour
 p - a scroll of remove curse
 t - a scroll of recharging
Potions
 g - a potion of cure mutation
 k - 4 potions of berserk rage
 o - a potion of curing
 q - a potion of poison {unknown}
 r - a potion of flight
 v - a potion of mutation {unknown}
 z - a potion of brilliance
Books
 c - a book of Changes

   Spells                             Type                      Level
   a - Beastly Appendage              Transmutation                1
   b - Sticks to Snakes               Transmutation                2
   c - Spider Form                    Transmutation/Poison         3
   d - Ice Form                       Ice/Transmutation            4
   e - Blade Hands                    Transmutation                5
 j - a book of the Sky

   Spells                             Type                      Level
   a - Summon Lightning Spire         Summoning/Air                4
   b - Airstrike                      Air                          4
   c - Silence                        Hexes/Air                    5
   d - Deflect Missiles               Charms/Air                   6
   e - Conjure Ball Lightning         Conjuration/Air              6
   f - Tornado                        Air                          9
 s - a Grand Grimoire

   Spells                             Type                      Level
   a - Monstrous Menagerie            Summoning                    6
   b - Summon Greater Demon           Summoning                    7
   c - Malign Gateway                 Summoning/Translocation      7
   d - Summon Horrible Things         Summoning                    8
Comestibles
 d - 9 bread rations
 h - 2 slices of pizza
 m - 6 beef jerkies
 n - 2 royal jellies
 w - 2 meat rations
 A - 11 chunks of flesh


   Skills:
 + Level 4.2 Fighting
 + Level 4.5 Dodging
 * Level 7.8 Unarmed Combat
 + Level 3.3 Spellcasting
 * Level 5.8 Transmutations


You had 4 spell levels left.
You knew the following spells:

 Your Spells              Type           Power        Failure   Level  Hunger
a - Beastly Appendage     Trmt           ###...       1%          1    #......
b - Ice Form              Ice/Trmt       #.......     78%         4    #####..
c - Blade Hands           Trmt           ###.......   67%         5    ######.


Dungeon Overview and Level Annotations

Branches:
Dungeon (8/15)             Temple (1/1) D:4
   Lair: D:8-11

Altars:
Cheibriados
Dithmenos
Elyvilon
Fedhas
Gozag
Kikubaaqudgha
Makhleb
Nemelex Xobeh
Okawaru
Qazlal
Ru
Sif Muna
Trog
Vehumet
Xom
Yredelemnul
Zin
The Shining One

Shops:
D:5 %

Annotations:
D:8 Erolcha


Innate Abilities, Weirdness & Mutations

You are too large for most types of armour.
You have claws for hands.
Your metabolism is lightning-fast.
You like to eat raw meat.
You heal very quickly.
You are covered in fur (AC +1).
You have very tough skin (AC +2).
You have a pair of horns on your head.


Message History

The troll claws you.
* * * LOW HITPOINT WARNING * * *
You claw the troll!
The troll is severely wounded.
The troll bites you.
* * * LOW HITPOINT WARNING * * *
The troll claws you but does no damage. x2
You barely miss the troll. Your headbutt misses the troll.
The troll is severely wounded.
The troll bites you!
* * * LOW HITPOINT WARNING * * *
The troll claws you.
* * * LOW HITPOINT WARNING * * *
The troll claws you.
* * * LOW HITPOINT WARNING * * *
You feel better. The troll bites you!
* * * LOW HITPOINT WARNING * * *
The troll barely misses you. x2
You feel better. The troll bites you!
You die...

##.#...#####.................#
....########.................#
##......).#..#....>..........#
......###...................##
#.....#...######.....#.....##
........### ###... ###....###
... ####.....#####.### .
#..............#@# ###..
..##....#..#####T##...>.
#....##.#.>.## #%#.>....
#.#####.#....###O.......
......#.#...............
......#.#...............
......#.#...........O...
......#.#.†.............
..................[....F


You could see Erolcha and a troll.

Vanquished Creatures
  The ghost of nramsey34 the Sneak, an amateur OpEn (D:4)
  A spriggan (D:7)
  The ghost of leMango the Ducker, an amateur TrFi (D:3)
  Menkaure (D:7)
  An orc warrior (D:5)
  An ogre (D:7)
  A phantom (D:7)
  2 black bears
  3 centaurs
  A crocodile (D:7)
  A big kobold (D:7)
  10 wights
  3 scorpions (D:4)
  5 crimson imps
  A centaur zombie (D:8)
  5 hounds
  8 orc priests
  An iguana (D:7)
  A jelly (D:4)
  A centaur skeleton (D:7)
  5 worker ants
  6 orc wizards
  A hound skeleton (D:4)
  A gnoll (D:1)
  10 adders
  An ooze (D:3)
  4 worms
  3 giant geckos
  17 orcs
  5 bats
  4 giant cockroaches
  6 goblins
  11 hobgoblins
  3 quokkas
  A ball python (D:1)
  2 giant newts
  4 jackals
  A jackal zombie (D:5)
  9 kobolds
  10 rats
  A fungus (D:2)
  2 plants (D:2)
156 creatures vanquished.

Notes
Turn   | Place    | Note
--------------------------------------------------------------
     0 | D:1      | zornare the Troll Transmuter began the quest for the Orb.
     0 | D:1      | Reached XP level 1. HP: 18/18 MP: 1/1
    39 | D:1      | Reached skill level 1 in Fighting
   139 | D:1      | Reached XP level 2. HP: 17/27 MP: 0/2
   515 | D:1      | Reached XP level 3. HP: 29/33 MP: 2/4
   797 | D:2      | Found a sacrificial altar of Ru.
  1545 | D:3      | Found a shadowy altar of Dithmenos.
  1557 | D:3      | Reached XP level 4. HP: 32/41 MP: 3/5
  1604 | D:3      | Noticed leMango's ghost (amateur TrFi)
  1620 | D:3      | Killed leMango's ghost
  1620 | D:3      | Reached skill level 4 in Unarmed Combat
  1620 | D:3      | Reached XP level 5. HP: 17/49 MP: 4/6
  1899 | D:3      | Found a stormy altar of Qazlal.
  1917 | D:3      | Reached XP level 6. HP: 26/57 MP: 5/7
  1989 | D:3      | Learned a level 4 spell: Ice Form
  2358 | D:3      | Reached XP level 7. HP: 22/66 MP: 9/9
  2627 | D:4      | Noticed nramsey34's ghost (amateur OpEn)
  2736 | D:4      | Reached skill level 5 in Unarmed Combat
  2957 | D:4      | Killed nramsey34's ghost
  2957 | D:4      | Reached XP level 8. HP: 53/74 MP: 10/10
  3047 | D:4      | Found a staircase to the Ecumenical Temple.
  3056 | Temple   | Entered the Ecumenical Temple
  3060 | Temple   | Became a worshipper of Makhleb the Destroyer
  3247 | D:5      | Entered Level 5 of the Dungeon
  3294 | D:5      | Found an opulent altar of Gozag.
  3315 | D:5      | Reached skill level 6 in Unarmed Combat
  3359 | D:5      | Found Qyekk's Food Shoppe.
  4055 | D:5      | Reached * piety under Makhleb
  4062 | D:5      | Learned a level 5 spell: Blade Hands
  4198 | D:6      | Found a white marble altar of Elyvilon.
  4645 | D:7      | Reached skill level 5 in Transmutations
  4658 | D:7      | Reached XP level 9. HP: 53/83 MP: 12/12
  4813 | D:7      | Reached skill level 7 in Unarmed Combat
  4898 | D:7      | Noticed Menkaure
  4907 | D:7      | Killed Menkaure
  4935 | D:7      | Found an opulent altar of Gozag.
  4947 | D:7      | Reached ** piety under Makhleb
  5255 | D:7      | Found a deep blue altar of Sif Muna.
  5394 | D:7      | Found a glowing silver altar of Zin.
  5934 | D:8      | Found an iron altar of Okawaru.
  6087 | D:8      | Found a glowing silver altar of Zin.
  6088 | D:8      | Noticed an angel
  6159 | D:8      | Noticed Erolcha
  6171 | D:8      | HP: 1/84 [troll (17)]
  6172 | D:8      | Mangled by a troll

Action                   |  1- 3 |  4- 6 |  7- 9 || total
-------------------------+-------+-------+-------++-------
Melee: Unarmed           |   167 |   108 |   352 ||   627
 Cast: Beastly Appendage |     3 |     5 |    34 ||    42
Evoke: Wand              |       |       |     1 ||     1
  Use: Scroll            |     5 |     1 |    10 ||    16
       Potion            |       |       |     6 ||     6
 Stab: Invisible         |       |       |     1 ||     1
  Eat: Chunk             |    20 |     6 |    37 ||    63
